Map: Acropolis LE

Players

Boomer

  • Race: Zerg Zerg
  • League: Master
  • Spawn Location: 5:00

Mez - Winner!

  • Race: Terran Terran
  • League: Master
  • Spawn Location: 11:00

VOD

Have the link to the VOD?

Description

Time

  • Played on: July 30, 2019, 2:43 a.m.
  • Length: 13:10
Show
View Real Time Build Order
Export as new Build Order

Boomer Zerg 

Build Orders: Hatch First 

Get SALT Encoding   

  12  0:00  Drone  
  13  0:08  Drone  
  14  0:14  Extractor  
  14  0:15  Drone  
  15  0:38  Hatchery  
  14  0:43  Drone, Extractor  
  15  0:57  Spawning Pool  
  15  1:02  Extractor  
  15  1:03  Drone  
  15  1:29  Hatchery  
  15  1:32  Drone, Extractor  
  15  1:49  Queen  
  15  1:52  Queen  
  19  1:55  Drone  
  19  2:00  Extractor  
  19  2:01  Drone  
  21  2:09  Overlord  
  21  2:29  Drone x4  
  25  2:30  Drone  
  25  2:31  Drone  
  27  2:47  Drone x2  
  27  2:50  Queen x2  
  33  2:55  Overlord  
  33  2:58  Drone  
  34  3:07  Overlord  
  34  3:20  Drone x5  
  34  3:21  Drone x2  
  41  3:27  Extractor x2  
  39  3:35  Drone x4  
  39  3:39  Overlord  
  43  3:44  Drone  
  44  3:54  Roach Warren  
  43  3:59  Drone x4  
  43  4:02  Extractor x2  
  45  4:05  Overlord  
  45  4:07  Overlord  
  45  4:18  Overlord x2  
  45  4:23  Drone x2  
  47  4:26  Drone x2  
  49  4:42  Roach x3  
  49  4:43  Roach x3  
  61  4:46  Roach  
  61  4:51  Roach x3  
  69  5:00  Roach x2  
  73  5:07  Roach x2  
  73  5:11  Roach  
  73  5:12  Roach  
  81  5:28  Lair  
  81  5:32  Evolution Chamber, Roach x2  
  81  5:33  Overlord x4  
  84  5:36  Evolution Chamber  
  83  6:00  Hatchery  
  83  6:03  Drone x4  
  83  6:04  Drone x5, Roach  
  89  6:15  Ravager  
  61  6:28  Zerg Ground Armor Level 1, Zerg Missile Weapons Level 1  
  61  6:29  Glial Reconstitution  
  59  6:35  Nydus Network  
  54  6:44  Drone x2  
  54  6:45  Drone x7  
  54  6:46  Drone x2  
  65  6:58  Pneumatized Carapace  
  65  7:06  Roach x3  
  65  7:07  Roach x6  
  83  7:19  Overseer  
  83  7:23  Roach x4  
  91  7:41  Roach  
  91  7:42  Roach x4  
  101  7:46  Nydus Canal  
  101  7:47  Overlord  
  101  7:55  Drone x4  
  101  7:57  Extractor x2  
  103  8:07  Nydus Canal  
  103  8:08  Hatchery, Roach x4  
  103  8:09  Roach  
  112  8:16  Drone x2  
  114  8:20  Drone x2  
  114  8:26  Nydus Canal  
  116  8:38  Nydus Canal  
  116  8:40  Roach x4  
  116  8:41  Roach x3  
  130  8:42  Zerg Ground Armor Level 2, Zerg Missile Weapons Level 2  
  130  8:47  Hydralisk Den  
  129  8:53  Drone  
  129  8:55  Overlord x3  
  130  8:57  Overlord x2  
  130  8:59  Infestation Pit  
  129  9:04  Overseer  
  129  9:12  Nydus Canal  
  129  9:17  Roach x2  
  129  9:21  Queen  
  129  9:23  Muscular Augments  
  135  9:33  Nydus Canal  
  135  9:35  Hydralisk x7  
  135  9:36  Hydralisk x3  
  155  9:45  Hydralisk  
  155  9:46  Hydralisk x6  
  169  9:58  Roach x2  
  169  9:59  Roach x2  
  175  10:08  Overlord x4  
  175  10:10  Overlord x2, Queen, Extractor  
  175  10:11  Extractor  
  171  10:17  Nydus Canal  
  147  10:25  Drone x6  
  147  10:26  Drone  
  139  10:29  Drone x5  
  139  10:30  Drone  
  129  10:41  Lair  
  111  11:06  Roach Warren  
  110  11:16  Hydralisk x7  
  110  11:17  Hydralisk  
  126  11:28  Hatchery  
  125  11:39  Hydralisk x6  
  135  11:54  Roach x5  
  95  12:03  Hydralisk Den  
  80  12:29  Nydus Canal  
  80  12:31  Hydralisk x3  
  80  12:33  Roach x2  
  80  12:34  Roach x2  
  94  12:37  Overseer  
  94  12:48  Roach x2  
  94  12:49  Roach x2  
Show
View Real Time Build Order
Export as new Build Order

Mez Terran - Winner!

Build Orders:  

Get SALT Encoding   

  12  0:00  SCV  
  13  0:12  SCV  
  14  0:17  Supply Depot  
  14  0:20  Supply Depot  
  14  0:25  SCV  
  15  0:41  SCV  
  16  0:44  Barracks  
  16  0:47  Refinery  
  16  0:53  SCV  
  17  1:05  SCV  
  18  1:20  SCV  
  20  1:35  Reaper, Orbital Command  
  20  1:43  Command Center  
  20  1:55  Barracks  
  20  2:01  SCV  
  20  2:08  Barracks  
  21  2:12  Barracks Reactor  
  21  2:23  Supply Depot  
  21  2:27  SCV  
  22  2:32  Bunker  
  22  2:39  SCV  
  23  2:48  Marine x2  
  23  2:49  Barracks Tech Lab  
  23  2:51  SCV  
  26  2:58  Orbital Command  
  26  3:02  Marine  
  27  3:09  Marauder  
  27  3:10  Combat Shield  
  27  3:11  Marine x2  
  31  3:15  SCV  
  32  3:26  Marine  
  33  3:31  Supply Depot  
  33  3:33  Engineering Bay, Marine x2, Orbital Command  
  35  3:35  Marine  
  36  3:44  SCV  
  37  3:50  Marine  
  38  3:56  Marine x2  
  38  4:01  SCV x2  
  42  4:09  Terran Infantry Weapons Level 1  
  42  4:14  Supply Depot x2  
  42  4:21  SCV x2  
  42  4:22  Marine x4  
  48  4:36  SCV x2  
  50  4:43  Marine x2  
  50  4:44  Marine x2  
  54  4:48  Stimpack  
  54  4:50  Command Center  
  54  4:51  SCV  
  54  4:52  SCV  
  56  4:58  Factory  
  56  5:01  Marine  
  56  5:04  SCV x2  
  58  5:10  Marine x3  
  61  5:16  SCV x2  
  63  5:22  Barracks  
  63  5:23  Barracks  
  63  5:25  Refinery  
  63  5:28  Refinery, SCV  
  64  5:29  SCV  
  64  5:32  Marine x4  
  69  5:40  SCV  
  70  5:48  Supply Depot  
  70  5:49  Supply Depot  
  70  5:50  Supply Depot  
  70  5:52  Barracks Reactor  
  70  6:02  SCV x2, Marine x2, Marauder  
  67  6:14  Marine x2, Factory Reactor  
  67  6:15  Starport  
  69  6:20  Marine x2  
  69  6:24  Marauder  
  67  6:26  SCV x2  
  67  6:31  Orbital Command  
  68  6:38  SCV x2  
  69  6:40  Barracks Reactor, Barracks Tech Lab  
  69  6:42  Marine x4  
  69  6:45  Terran Infantry Armor Level 1  
  73  6:50  SCV x2  
  73  6:51  Refinery  
  75  7:01  SCV  
  76  7:02  SCV x2  
  76  7:03  Medivac  
  76  7:07  Marine, Supply Depot  
  76  7:08  Marine x5, Supply Depot  
  85  7:09  Medivac  
  85  7:14  SCV x2  
  85  7:15  SCV  
  91  7:20  Armory  
  91  7:21  Engineering Bay  
  91  7:24  Marine x2  
  91  7:25  Marine x2  
  91  7:26  SCV  
  91  7:27  SCV x2  
  91  7:29  Concussive Shells  
  98  7:30  Marine x2  
  98  7:31  Marauder x2  
  104  7:42  Marine x2  
  106  7:45  Medivac x2  
  106  7:47  SCV x2  
  106  7:49  Marine  
  106  7:50  Marine x3  
  116  8:06  Marine  
  117  8:16  Marine x4, Marauder x2  
  125  8:20  Barracks, Supply Depot  
  125  8:22  Barracks  
  125  8:24  Barracks  
  125  8:36  Supply Depot  
  125  8:40  Marine x4  
  133  8:41  Terran Infantry Armor Level 2, Marauder x2, Terran Infantry Weapons Level 2  
  133  8:47  Terran Vehicle And Ship Armor Level 1  
  133  8:49  Medivac  
  133  8:52  Marine x2  
  133  8:54  Medivac  
  139  8:59  Refinery, Marine x4  
  139  9:01  Command Center  
  139  9:02  Supply Depot  
  143  9:09  Supply Depot  
  143  9:21  Marine x2, Marauder x2  
  143  9:23  Marine x2  
  151  9:29  Medivac x2  
  151  9:30  Marine x2  
  157  9:38  Marine  
  157  9:39  Marine  
  157  9:42  Marauder  
  157  9:43  Marauder  
  163  9:46  Marine x2  
  165  9:54  Marine  
  154  10:01  Marine x5  
  154  10:02  Marine  
  154  10:03  Marine  
  154  10:04  Marine, Marauder x2  
  153  10:11  Marine  
  148  10:19  Marine x5  
  148  10:20  Marine  
  142  10:21  Marine  
  142  10:25  Marauder x2  
  146  10:32  Marine x2  
  148  10:37  SCV x2, Marine x2  
  152  10:47  Marine, Marauder x2  
  141  11:01  Marine x3  
  139  11:08  Marauder x2  
  139  11:09  Viking  
  145  11:19  Refinery  
  145  11:29  Marine, Marauder x2  
  145  11:30  Marine x4  
  154  11:35  Medivac  
  154  11:39  Medivac  
  156  11:51  Marauder x2  
  156  11:52  Marine  
  156  11:53  Marine x8, Orbital Command  
  134  12:10  Marine x5  
  134  12:11  Marine x4  
  134  12:12  Marauder x2  
  134  12:14  SCV x2  
  140  12:26  SCV  
  140  12:28  Marine x8  
  149  12:36  Medivac  
  149  12:37  Medivac  
  153  12:46  Marine x8  
  153  12:47  Marine x2  
Tags
 
Add a new tag
Caveats
  • Supply blocks, unpowered buildings, or Contaminate may cause inaccurate times.
  • Supply counts are checked every 10 seconds.